 Dungeon Crawl Stone Soup version 0.27-a0-1513-g2aaa0cc67b (webtiles) character file.

Game seed: 10791796207662101253

60 blackman the Chopper (level 4, -4/35 HPs)
             Began as a Human Fighter on July 9, 2021.
             Slain by a gnoll (11 damage)
             ... on level 2 of the Dungeon.
             The game lasted 00:03:24 (963 turns).

blackman the Chopper (Human Fighter)                 Turns: 963, Time: 00:03:24

Health: -4/35      AC:  6    Str: 17    XL:     4   Next: 24%
Magic:  4/4        EV:  7    Int:  9    God:
Gold:   48         SH:  9    Dex: 12    Spells: 3/3 levels left

rFire    . . .     SeeInvis .   g - +2 dagger (speed)
rCold    . . .     Faith    +   c - +0 kite shield
rNeg     . . .     Spirit   .   b - +0 scale mail
rPois    .         Reflect  .   (no helmet)
rElec    .         Harm     .   (no cloak)
rCorr    .         Rampage  .   (no gloves)
Will     .....                  (no boots)
Stlth    ..........             i - amulet of faith
HPRegen  0.11/turn              (no ring)
MPRegen  0.09/turn              (no ring)

@: mighty
A: no striking features
a: no special abilities


You were on level 2 of the Dungeon.
You visited 1 branch of the dungeon, and saw 2 of its levels.

You collected 48 gold pieces.

Inventory:

Hand Weapons
 a - a +0 war axe
 g - a +2 dagger of speed (weapon)
Armour
 b - a +0 scale mail (worn)
 c - a +0 kite shield (worn)
Jewellery
 i - an amulet of faith (around neck)
Scrolls
 f - a scroll of noise {unknown}
 h - a scroll of teleportation {unknown}
Potions
 e - a potion of curing {unknown}
 j - a potion of attraction {unknown}


   Skills:
 - Level 3.0 Fighting
 * Level 4.2 Axes
 - Level 3.0 Armour
 - Level 3.0 Shields


You had 3 spell levels left.
You didn't know any spells.
Your spell library was empty.

Dungeon Overview and Level Annotations

Branches:
Dungeon (2/15)

Altars:
Hepliaklqana


Message History

The gnoll is almost dead.
The gnoll hits you with a +0 club.
* * * LOW HITPOINT WARNING * * *
You hit the gnoll.
You kill the gnoll!
You block the ball python's attack. x2
The ball python bites you.
* * * LOW HITPOINT WARNING * * *
You block the ball python's attack. The ball python closely misses you.
The ball python grabs you. The ball python constricts you.
You escape the ball python's grasp.
There is an open door here.
You block the ball python's attack. x2
The ball python barely misses you. x2
You see here a +0 dagger.
The ball python bites you.
* * * LOW HITPOINT WARNING * * *
You block the ball python's attack. You block the ball python's attack.
The ball python grabs you. The ball python constricts you.
You escape the ball python's grasp.
You block the ball python's attack. The ball python grabs you.
* * * LOW HITPOINT WARNING * * *
The ball python constricts you.
You escape the ball python's grasp.
You feel very mighty all of a sudden.
The ball python bites you but does no damage.
The ball python grabs you.
* * * LOW HITPOINT WARNING * * *
The ball python constricts you.
You puncture the ball python!
You kill the ball python!
You barely miss the ball python. You block the ball python's attack.
The ball python grabs you. The ball python constricts you.
You puncture the ball python!
You kill the ball python!
You hit the gnoll.
The gnoll is moderately wounded.
The gnoll hits you with a +0 flail!
You die...

#.#.......#######.
#.#S..............
#.#..g.....######. #.#...g....#
#. #.####.....# #. #.# #.....#
#. ##############g# #.)...####
#. #...........##g# #†.......#
#. #...........##@#
#........#### #...........##.#
#....#...#..g
#...........##'####....#...#.##
#.................#........'...
#.......#######################
#.......# .##.......#
.......†..# ..........#


You could see 2 gnolls.

Vanquished Creatures
  A gnoll (D:2)
  2 adders (D:2)
  2 endoplasms (D:1)
  2 giant cockroaches (D:1)
  3 goblins
  3 hobgoblins
  3 jackals (D:1)
  5 kobolds
  A quokka (D:2)
  3 ball pythons (D:2)
  A bat (D:2)
  A frilled lizard (D:2)
  A rat (D:1)
28 creatures vanquished.

Notes
Turn   | Place    | Note
-------+----------+-------------------------------------------
     0 | D:1      | blackman the Human Fighter began the quest for the Orb.
     0 | D:1      | Reached XP level 1. HP: 18/18 MP: 1/1
    84 | D:1      | Reached XP level 2. HP: 22/24 MP: 2/2
   184 | D:1      | Reached skill level 3 in Axes
   679 | D:2      | Found a hazy altar of Hepliaklqana.
   786 | D:2      | Reached XP level 3. HP: 26/29 MP: 3/3
   915 | D:2      | Reached skill level 4 in Axes
   915 | D:2      | Reached XP level 4. HP: 29/35 MP: 4/4
   963 | D:2      | Slain by a gnoll

Illustrated notes

Levels and vault maps discovered:
D:1:      tarquinn_simple_flora_water_c, layout_basic, item_on_display_a
D:2:      layout_basic, basic_altar, roderic_serpentine_path,
          grunt_ministairs_12, minmay_misc_feat_five, minmay_three_crescents,
          uniq_robin

Skill      XL: |  1  2  3 |
---------------+----------+-----
Axes           | 3 4 |  4.2
Fighting       | |  3.0
Armour         | |  3.0
Shields        | |  3.0

Action                   |  1- 3 |  4- 6 || total
-------------------------+-------+-------++-------
Melee: War axe           |    28 |       ||    28
       Dagger            |    75 |    15 ||    90
  Use: Potion            |       |     1 ||     1
Armor: Scale mail        |    36 |     2 ||    38
Dodge: Dodged            |    24 |     4 ||    28
Block: Kite shield       |    43 |     9 ||    52

Table legend: (Time is in decaauts)
 A = Elapsed time spent in this place.
 B = Non-inter-level travel time spent in this place.
 C = Inter-level travel time spent in this place.
 D = Time resting spent in this place.
 E = Time spent auto-exploring this place.
 F = Levels seen in this place.
 G = Mean time per level.
                   A        B        C        D        E       F      G
               +--------+--------+--------+--------+--------+-----+--------+
         Total |    971 |    932 |     39 |      0 |    698 |   2 |  485.5 |
       Dungeon |    971 |    932 |     39 |      0 |    698 |   2 |  485.5 |
               +--------+--------+--------+--------+--------+-----+--------+

Top non-repeatable levels by time:
     D:1: 678 daAuts
     D:2: 292 daAuts
